AoeStats
← Emmayel

Hill Fort

505365451Analyzed
4v4 RM · 22d ago on Sep 9, 2026· 26m 12s· 8 players
Game mode
Random Map
Map size
Large (8 player)
Population
200
Speed
Normal
Resources
Standard
Victory
Conquest
Starting age
Dark Age
Ending age
Imperial Age
RankedLock teamsTeams togetherTeam positionsShared explorationLock speedFull tech treeHidden civsTurbo modeCheats
Victory
Defeat
🇨🇷 Celts · Costa Rica
1489
+11
🇲🇽 Wu · Mexico
1467
+12
🇦🇷 Franks · Argentina
1357
+16
🇲🇽 Persians · Mexico
1329
+16
🇺🇸 Magyars · United States
1408
-16
🇳🇿 Cumans · New Zealand
1403
-15
🇺🇸 Tatars · United States
1377
-14
🇨🇦 Japanese · Canada
1267
-10
Wolobo
10:02 Loom
12:08 Feudal Age
14:06 Double-Bit Axe
14:05 Horse Collar
16:43 Castle Age
14:52 Scale Mail Armor
16:06 Gold Mining
16:29 Forging
17:39 Chain Mail Armor
19:21 Iron Casting
19:24 Arson
19:41 Squires
Daniel Lothbrok
11:16 Feudal Age
15:53 Castle Age
13:49 Double-Bit Axe
14:06 Horse Collar
14:53 Loom
17:35 Loom
20:48 Town Watch
25:40 Bow Saw
25:22 Gold Mining
Marco Aurelio
10:16 Feudal Age
16:09 Castle Age
14:55 Double-Bit Axe
15:06 Loom
15:16 Horse Collar
17:47 Bow Saw
19:33 Wheelbarrow
19:34 Heavy Plow
23:40 Scale Barding Armor
26:20 Gold Mining
Lord_M@ster
4:20 Loom
10:27 Feudal Age
11:18 Double-Bit Axe
15:00 Scale Barding Armor
16:51 Wheelbarrow
21:10 Castle Age
19:01 Gold Mining
19:56 Forging
21:30 Light Cavalry
22:15 Husbandry
22:41 Chain Barding Armor
Biodox
11:16 Feudal Age
12:24 Loom
15:58 Castle Age
14:58 Double-Bit Axe
16:38 Fletching
17:49 Town Watch
19:02 Bow Saw
21:18 Bodkin Arrow
ArabianKnight
9:52 Feudal Age
11:00 Double-Bit Axe
11:22 Loom
21:24 Castle Age
19:43 Gold Mining
20:26 Fletching
22:49 Bow Saw
24:12 Scale Barding Armor
Stebz13
4:41 Loom
12:09 Feudal Age
16:07 Castle Age
15:39 Fletching
Emmayel
10:33 Feudal Age
15:45 Castle Age
16:35 Husbandry
17:02 Fletching
17:50 Horse Collar
18:38 Bodkin Arrow
18:44 Padded Archer Armor
19:38 Double-Bit Axe
26:03 Loom
26:53 Wheelbarrow
Connection lost

Rejoining the realm…

Still unreachable

The connection could not be restored.

Session expired

The server has moved on; the page needs a fresh start.